 Dungeon Crawl Stone Soup version 0.29-a0-321-gf1c400731a (webtiles) character file.

Game seed: 17555685613202680672

66275 sokol815 the Spry (level 14, -4/69 (73) HPs)
             Began as a Spriggan Brigand on Apr 3, 2022.
             Was the Champion of Dithmenos.
             Slain by Rupert
             ... wielding a +3 triple sword of draining
              (24 damage)
             ... while paralysed by Rupert
             ... on level 14 of the Dungeon.
             The game lasted 01:32:02 (26457 turns).

sokol815 the Spry (Spriggan Brigand)               Turns: 26457, Time: 01:32:03

HP:   -4/69 (73)    AC:  8    Str: 13    XL:     14   Next: 78%
MP:   7/25          EV:  4    Int: 26    God:    Dithmenos [******]
Gold: 1249          SH:  0    Dex: 21    Spells: 14/27 levels left

rFire   + . .      SeeInvis +   a - +10 short sword "Worm" {holy, rElec rF+ rC+ Int+3}
rCold   + . .      Faith    .   (no shield)
rNeg    + . .      Spirit   .   V - +2 robe {rN+}
rPois   .          Reflect  .   R - +2 hat
rElec   +          Harm     .   c - +1 cloak
rCorr   .          Rampage  .   (gloves unavailable)
Will    ++...                   (boots unavailable) Stlth ***+++++++
                                n - amulet of the acrobat
HPRegen 0.21/turn               t - +6 ring of intelligence
MPRegen 0.19/turn               K - ring "Wavomu" {Str+6 Dex+4 Stlth+}

@: paralysed, wreathed by umbra, studying Crossbows, drained, very quick
A: very small, no large weapons, unfitting armour, see invisible, speed 3
a: Renounce Religion, Shadow Step, Shadow Form


You were on level 14 of the Dungeon.
You worshipped Dithmenos.
Dithmenos was exalted by your worship.
You visited 3 branches of the dungeon, and saw 21 of its levels.
You also visited: Volcano.

You collected 1601 gold pieces.
You spent 352 gold pieces at shops.

Inventory:

Hand Weapons
 a - the +10 short sword "Worm" (weapon) {holy, rElec rF+ rC+ Int+3}
   (You found it on level 2 of the Dungeon)

   It has been blessed by the Shining One to cause great damage to the undead
   and demons.
   Int:       It affects your intelligence (+3).
   rF:        It protects you from fire.
   rC:        It protects you from cold.
   rElec:     It insulates you from electricity.
 o - a +6 dagger of electrocution
 O - a +7 scimitar of flaming
   (You took it off an efreet in a volcano)
 W - a +2 demon blade of electrocution
   (You found it on level 1 of the Lair of Beasts)
Missiles
 l - 3 throwing nets {!d}
 m - 36 poisoned darts
 s - 6 boomerangs
 v - 9 curare-tipped darts
 w - 2 boomerangs of dispersal {=f}
 F - 5 atropa-tipped darts
Armour
 c - a +1 cloak (worn)
 e - +0 fire dragon scales
   (You found it on level 13 of the Dungeon)
 r - +0 acid dragon scales
   (You found it on level 10 of the Dungeon)
 R - a +2 hat (worn)
   (You found it in a volcano)
 V - a +2 robe of positive energy (worn)
   (You took it off a wight on level 8 of the Dungeon)
Jewellery
 b - a ring of fire {rF+, rC-}
   (You found it on level 9 of the Dungeon)
 f - a ring of fire {rF+, rC-}
   (You found it on level 2 of the Dungeon)
 n - an amulet of the acrobat (around neck)
   (You found it on level 4 of the Dungeon)
 t - a +6 ring of intelligence (left hand)
   (You found it on level 6 of the Dungeon)
 u - a ring of magical power {MP+9}
   (You found it on level 10 of the Dungeon)
 A - a ring of protection from cold {rC+, !d}
   (You found it on level 1 of the Lair of Beasts)
 C - a ring of protection from cold {rC+, !d}
   (You found it on level 1 of the Dungeon)
 K - the ring "Wavomu" (right hand) {Str+6 Dex+4 Stlth+}
   (You found it on level 6 of the Lair of Beasts)

   [ring of strength]

   Str:       It affects your strength (+6).
   Dex:       It affects your dexterity (+4).
   Stlth:     It makes you more stealthy.
 Z - the necklace of Bloodlust {*Rage Will++ Int-3 Slay+6}
   (You found it on level 12 of the Dungeon)

   [amulet of nothing]

   It extends the wearer's berserk rage when killing foes.
   Int:       It affects your intelligence (-3).
   Slay:      It affects your accuracy & damage with ranged weapons and melee
   (+6).
   *Rage:     It berserks you when you make melee attacks (+50% chance).
   Will:      It greatly increases your willpower.
Wands
 d - a wand of digging (8)
   (You found it on level 6 of the Dungeon)
 h - a wand of acid (5)
   (You found it on level 5 of the Lair of Beasts)
 i - a wand of iceblast (12)
   (You found it on level 6 of the Dungeon)
 p - a wand of paralysis (4)
   (You found it on level 9 of the Dungeon)
 q - a wand of flame (26)
   (You found it on level 2 of the Dungeon)
 y - a wand of mindburst (3)
   (You found it on level 5 of the Lair of Beasts)
Scrolls
 g - 6 scrolls of fog
 j - 3 scrolls of identify {@r1}
 k - a scroll of amnesia
 x - 5 scrolls of brand weapon
 D - 5 scrolls of blinking {!r}
 E - 4 scrolls of fear
 S - 5 scrolls of summoning
 X - a scroll of magic mapping {@r4!r}
 Y - 7 scrolls of teleportation {@r3}
Potions
 B - 2 potions of brilliance
 G - 2 potions of ambrosia {!q}
 H - 6 potions of haste
 I - 3 potions of invisibility
 J - 14 potions of curing {@q1}
 L - 5 potions of flight
 M - 2 potions of might
 N - 4 potions of heal wounds {@q2}
 P - 8 potions of lignification {!q}
 Q - a potion of cancellation
 T - a potion of attraction {!q}
 U - 8 potions of mutation {!q}
Miscellaneous
 z - a box of beasts
   (You found it on level 5 of the Lair of Beasts)


   Skills:
 - Level 8.0 Fighting
 - Level 12.0 Short Blades
 - Level 2.0 Throwing
 * Level 16.7 Dodging
 - Level 15.0 Stealth
 * Level 7.0 Spellcasting
 - Level 4.0 Conjurations
 - Level 8.0 Hexes
 + Level 10.8 Earth Magic
 * Level 4.7 Invocations


You had 14 spell levels left.
You knew the following spells:

 Your Spells              Type           Power      Damage    Failure   Level
a - Dazzling Flash        Conj/Hex       80%        N/A       1%          3
b - Summon Mana Viper     Hex/Summ       29%        N/A       32%         5
z - Lee's Rapid Deconstr  Erth           30%        3d17*     1%          5

Your spell library contained the following spells:

 Spells                   Type           Power      Damage    Failure   Level
 Foxfire                  Conj/Fire      76%        2x1d7     2%          1
 Inner Flame              Hex/Fire       29%        N/A       3%          3
 Fulminant Prism          Conj/Hex       20%        3d13      5%          4
 Conjure Flame            Conj/Fire      19%        6-21      9%          3
 Gell's Gravitas          Tloc           9%         N/A       19%         3
 Lesser Beckoning         Tloc           9%         N/A       19%         3
 Ozocubu's Armour         Ice            9%         N/A       19%         3
 Teleport Other           Tloc           9%         N/A       19%         3
 Flame Wave               Conj/Fire      19%        2d6       26%         4
 Iskenderun's Mystic Bla  Conj/Tloc      19%        2d6       26%         4
 Metabolic Englaciation   Hex/Ice        14%        N/A       32%         5
 Summon Ice Beast         Ice/Summ       9%         N/A       52%         4
 Irradiate                Conj/Tmut      9%         3d16      58%         5
 Blade Hands              Tmut           4%         N/A       86%         5
 Starburst                Conj/Fire      9%         6d5       99%         6
 Dispersal                Tloc           4%         N/A       100%        6
 Simulacrum               Ice/Necr       4%         N/A       100%        6
 Dragon Form              Tmut           4%         N/A       100%        7
 Monstrous Menagerie      Summ           4%         N/A       100%        7
 Ozocubu's Refrigeration  Ice            4%         4d5       100%        7


Dungeon Overview and Level Annotations

Branches:
Dungeon (14/15)            Temple (1/1) D:4            Lair (6/6) D:11
 Shoals (0/4) Lair:3        Snake (0/4) Lair:3        Slime (0/5) Lair:5
    Orc (0/2) D:12        Volcano (visited)
 Vaults: D:13-14

Altars:
Ashenzari
Cheibriados
Dithmenos
Gozag
Hepliaklqana
Kikubaaqudgha
Nemelex Xobeh
Ru
Sif Muna
Vehumet
Wu Jian
Xom
Yredelemnul
The Shining One

Shops:
D:7 :   D:11 *

Annotations:
D:4 2 transporters, Thatotherguy's ghost, amateur DsAK
D:5 exclusion: black bear
D:11 exclusion: door
D:14 Rupert
Lair:2 exclusion: 2 oklob plants


Innate Abilities, Weirdness & Mutations

You are very small and have problems with some larger weapons.
You are too small for most types of armour.
You have supernaturally acute eyesight. (SInv)
You cover ground extremely quickly. (Speed+++)


Message History

The centaur warrior shoots an arrow.
The arrow completely misses you.
The centaur warrior unwields a +4 shortbow.
The centaur warrior completely misses you. x2
You hit the centaur warrior. You barely miss the centaur warrior.
The centaur warrior hits you!
The centaur warrior kicks you but does no damage.
You take 8 damage, and have 65/73 hp.
You puncture the centaur warrior!
The centaur warrior completely misses you.
The centaur warrior misses you.
You puncture the centaur warrior!
Your shadow hits the centaur warrior with a short sword.
You puncture the centaur warrior!
The centaur warrior completely misses you. x2
You closely miss the centaur warrior.
Your shadow hits the centaur warrior with a short sword.
The centaur warrior hits you.
The centaur warrior completely misses you.
You take 4 damage, and have 61/73 hp.
You hit the centaur warrior but do no damage.
Your shadow completely misses the centaur warrior.
The centaur warrior completely misses you. x2
You hit the centaur warrior.
Your shadow closely misses the centaur warrior.
You hit the centaur warrior but do no damage.
Your shadow hits the centaur warrior with a short sword.
You puncture the centaur warrior!
You kill the centaur warrior!
Dithmenos accepts your kill.
Your Spellcasting skill increases to level 7!
No target in view!
You now have 1249 gold pieces (gained 15).
You see here a +4 shortbow.
Your pack is full.
You see here 29 stones.
Health restored: 73; MP restored: 25 Your pack is full.
You see here 29 stones.
Could not pick up 29 stones here; ([A]lways) ignore it? [Y]es, [N]o, or [A]lways only, please.
Could not pick up 29 stones here; ([A]lways) ignore it?
Autopickup disabled for stones.
j - 3 scrolls of identify {@r1} (gained 1)
Things that are here:
a +0 robe; a +0 dagger You don't have any unidentified items.
You see here a potion of degeneration {!q}.
Rupert the Wild comes into view.
He is wielding a +3 triple sword of draining and wearing a +2 ring mail of cold resistance.
Rupert shouts!
Here: Rupert, wielding a +3 triple sword of draining and wearing a +2 ring mail of cold resistance (umbra)
The floor.
You start waiting.
Rupert is nearby!
Here: Rupert, wielding a +3 triple sword of draining and wearing a +2 ring mail of cold resistance (umbra)
The floor.
You cannot affect that.
This square is wreathed by an umbra.
Okay, then.
A rock wall.
This square is wreathed by an umbra.
Okay, then.
A rock wall.
This square is wreathed by an umbra.
Okay, then.
You see here a potion of degeneration {!q}.
You start waiting.
Rupert is nearby!
A rock wall.
This square is wreathed by an umbra.
The wall shatters!
The blast of rock fragments hits Rupert!!
You now have 20/25 mp.
A rock wall.
This square is wreathed by an umbra.
The wall shatters!
The blast of rock fragments hits Rupert!
You now have 15/25 mp.
A rock wall.
This square is wreathed by an umbra.
The wall shatters!
The blast of rock fragments hits Rupert!!
You now have 10/25 mp.
A rock wall.
This square is wreathed by an umbra.
The wall shatters!
The blast of rock fragments hits Rupert!
You now have 6/25 mp.
Rupert yells loudly at you.
You suddenly lose the ability to move!
Rupert asks, "You're a monster, aren't you?"
Rupert hits you with a +3 triple sword of draining!!
You emit a cloud of dark smoke.
You partially resist.
You feel drained.
Rupert hits you with a +3 triple sword of draining!!
You emit a cloud of dark smoke.
You partially resist.
You feel drained.
* * * LOW HITPOINT WARNING * * *
Rupert screams, "Hurray!"
Rupert hits you with a +3 triple sword of draining!!
You die...

#.##..#'#..##.....# #......
#.##..)....##.#...# ###@.##
#..##.._..##..#.###
####..## ##..##...##..##.#
#....## ÷....##.##..###.#
#####.####
...#..###..####.# ##.....#
#####......<#...####..#####
##.#.)#....##§@.!.##
#..##...#.##§@#####
#.####.....§§##
##.##.........#######
##..............#....#
##...##...............#
#..#.##...............#
..##.##..........#....#
.###.##..........#...(# ##
#.###..............#


You could see Rupert.

Vanquished Creatures
  Gastronok (Lair:1)
  2 fire dragons
  Josephine (Lair:4)
  9 hydras
  A boulder beetle (D:14)
  A death knight (D:13)
  5 two-headed ogres
  2 centaur warriors
  A catoblepas (Lair:4)
  A death yak (Lair:4)
  A fire crab (Lair:6)
  Nergalle (Lair:3)
  Amaemon (Lair:3)
  2 skeletal warriors
  A deep troll (D:12)
  A lindwurm (Lair:4)
  Pikel (D:6)
  A deep elf pyromancer (D:12)
  7 ugly things
  2 cyclopes
  2 oklob plants
  2 manticores
  A merfolk siren (Lair:3)
  4 molten gargoyles
  10 black mambas
  2 gargoyles
  An orange demon (Lair:3)
  8 cane toads
  4 rime drakes
  A kobold demonologist (D:14)
  4 freezing wraiths
  9 komodo dragons
  4 efreet
  3 trolls
  Grinder (D:3)
  A polar bear (Lair:4)
  Prince Ribbit (D:7)
  6 dream sheep (Lair:5)
  16 slime creatures
  13 blink frogs
  Sigmund (D:6)
  55 yaks
  3 fire elementals (Volcano)
  8 wyverns
  9 wraiths
  A yak (shapeshifter) (D:14)
  2 vampires
  6 basilisks
  2 steam dragons (Lair:6)
  2 acid dragons
  Duvessa (D:7)
  11 water moccasins
  A water moccasin (shapeshifter) (D:13)
  4 hell hounds (Lair:6)
  3 ice beasts
  6 orc warriors
  3 sky beasts
  2 ogres
  2 black bears
  6 wolves
  9 centaurs
  A phantom (D:6)
  11 bullfrogs
  A gnoll sergeant (D:11)
  2 earth elementals (Volcano)
  A necrophage (D:4)
  6 scorpions
  11 wights
  Dowan (D:7)
  8 killer bees
  6 electric eels
  4 howler monkeys
  5 lava snakes (Lair:6)
  A jelly (D:5)
  2 gnoll shamans
  2 hounds
  6 orc priests
  Jessica (D:14)
  2 iguanas (D:4)
  5 orc wizards
  3 hell rats
  13 gnolls
  4 river rats
  10 adders
  A shadow imp (D:6)
  An ufetubus (D:7)
  3 worms
  2 dart slugs
  34 orcs
  13 ball pythons
  3 endoplasms
  2 giant cockroaches
  6 goblins
  7 hobgoblins
  3 jackals (D:3)
  3 quokkas
  5 bats
  4 frilled lizards
  6 kobolds
  8 rats
  4 fire vortices (Volcano)
483 creatures vanquished.

Vanquished Creatures (others)
  2 orcs (D:10)
  26 fungi
  58 plants
86 creatures vanquished.

Grand Total: 569 creatures vanquished

Notes
Turn   | Place    | Note
-------+----------+-------------------------------------------
     0 | D:1      | sokol815 the Spriggan Brigand began the quest for the Orb.
     0 | D:1      | Reached XP level 1. HP: 10/10 MP: 2/2
    53 | D:1      | Reached skill level 6 in Stealth
   278 | D:1      | Reached XP level 2. HP: 10/14 MP: 3/3
   812 | D:1      | Reached skill level 7 in Stealth
  1015 | D:2      | Reached XP level 3. HP: 7/18 MP: 4/4
  1193 | D:2      | Found Juta's Distillery.
  1363 | D:2      | Identified the +10 short sword "Worm" {holy, rElec rF+ rC+
                  | Int+3}
  1708 | D:2      | Reached skill level 3 in Short Blades
  2245 | D:3      | Reached XP level 4. HP: 22/22 MP: 5/5
  2268 | D:3      | Noticed Grinder
  2271 | D:3      | Killed Grinder
  2272 | D:3      | Reached skill level 4 in Short Blades
  2272 | D:3      | Reached skill level 9 in Stealth
  2272 | D:3      | Reached XP level 5. HP: 25/25 MP: 6/6
  2337 | D:3      | Reached XP level 6. HP: 30/30 MP: 7/7
  2426 | D:3      | Learned a level 5 spell: Irradiate
  2854 | D:4      | Reached skill level 10 in Stealth
  2855 | D:4      | Found a staircase to the Ecumenical Temple.
  2865 | Temple   | Entered the Ecumenical Temple
  2941 | Temple   | Became a worshipper of Dithmenos the Shadowed
  3452 | D:4      | Reached skill level 5 in Short Blades
  3452 | D:4      | Reached skill level 11 in Stealth
  3452 | D:4      | Reached XP level 7. HP: 33/33 MP: 8/8
  3568 | D:4      | Found a transporter.
  3580 | D:4      | Noticed Thatotherguy's ghost (amateur DsAK)
  3595 | D:4      | Found a transporter.
  3747 | D:4      | Reached * piety under Dithmenos
  3793 | D:5      | Entered Level 5 of the Dungeon
  3903 | D:5      | Reached skill level 12 in Stealth
  3924 | D:5      | Noticed a yak
  3924 | D:5      | Noticed a yak
  3925 | D:5      | Noticed a yak
  4421 | D:5      | Reached skill level 6 in Short Blades
  4582 | D:5      | Reached skill level 13 in Stealth
  4582 | D:5      | Reached XP level 8. HP: 37/37 MP: 9/9
  4882 | D:6      | Noticed Sigmund
  4884 | D:6      | Killed Sigmund
  4911 | D:6      | HP: 9/37 [bullfrog (1)]
  4915 | D:6      | Reached skill level 14 in Stealth
  5178 | D:6      | Noticed Pikel
  5202 | D:6      | Reached skill level 7 in Short Blades
  5282 | D:6      | Reached ** piety under Dithmenos
  5300 | D:6      | Reached skill level 15 in Stealth
  5648 | D:6      | Killed Pikel
  5649 | D:6      | Reached skill level 9 in Short Blades
  5649 | D:6      | Reached XP level 9. HP: 38/41 MP: 10/10
  5740 | D:6      | Identified the +4 scale mail of Eleseed {MP+9}
  5919 | D:7      | Noticed Prince Ribbit
  5925 | D:7      | Killed Prince Ribbit
  5944 | D:7      | Found Oshett's Book Shop.
  5951 | D:7      | Bought a book of Spectacle for 352 gold pieces
  5955 | D:7      | Learned a level 3 spell: Dazzling Flash
  6104 | D:7      | Noticed Duvessa
  6105 | D:7      | Noticed Dowan
  6106 | D:7      | Killed Dowan
  6256 | D:7      | Found a sacrificial altar of Ru.
  6299 | D:7      | Reached skill level 1 in Spellcasting
  6299 | D:7      | Reached skill level 1 in Hexes
  6493 | D:7      | Killed Duvessa
  6494 | D:7      | Reached skill level 1 in Conjurations
  6505 | D:7      | Reached skill level 2 in Spellcasting
  6505 | D:7      | Reached skill level 2 in Hexes
  6512 | D:7      | Reached skill level 10 in Short Blades
  6593 | D:7      | Noticed a gargoyle
  6603 | D:7      | Killed a gargoyle
  6604 | D:7      | Reached skill level 3 in Spellcasting
  6604 | D:7      | Reached skill level 3 in Hexes
  6916 | D:7      | Reached skill level 2 in Conjurations
  7494 | D:8      | Reached skill level 4 in Spellcasting
  7494 | D:8      | Reached skill level 4 in Hexes
  7494 | D:8      | Reached XP level 10. HP: 40/46 MP: 15/17
  7762 | D:8      | Reached *** piety under Dithmenos
  8547 | D:9      | Noticed a two-headed ogre
  8626 | D:9      | Reached skill level 3 in Conjurations
  8687 | D:9      | Reached skill level 5 in Spellcasting
  8687 | D:9      | Reached skill level 5 in Hexes
  9217 | D:9      | Reached skill level 11 in Short Blades
  9672 | D:9      | Reached skill level 6 in Spellcasting
  9672 | D:9      | Reached skill level 6 in Hexes
  9917 | D:10     | Entered Level 10 of the Dungeon
 10120 | D:10     | Reached **** piety under Dithmenos
 10121 | D:10     | Reached skill level 4 in Conjurations
 10136 | D:10     | Noticed a two-headed ogre
 10138 | D:10     | Killed a two-headed ogre
 10139 | D:10     | Reached skill level 7 in Hexes
 10286 | D:10     | Reached XP level 11. HP: 41/49 MP: 21/21
 11178 | D:11     | Found Peca's Assorted Antiques.
 11187 | D:11     | Reached skill level 12 in Short Blades
 11284 | D:11     | Reached skill level 8 in Hexes
 11290 | D:11     | Learned a level 5 spell: Summon Mana Viper
 11408 | D:11     | Noticed a two-headed ogre
 11410 | D:11     | Reached skill level 2 in Dodging
 11439 | D:11     | Killed a two-headed ogre
 11440 | D:11     | Reached skill level 2 in Fighting
 11440 | D:11     | Reached skill level 3 in Dodging
 11551 | D:11     | Noticed a two-headed ogre
 11732 | D:11     | Noticed a seven-headed hydra
 11735 | D:11     | Killed a seven-headed hydra
 11736 | D:11     | Reached skill level 4 in Dodging
 11843 | D:11     | Learned a level 5 spell: Lee's Rapid Deconstruction
 11899 | D:11     | Reached skill level 5 in Dodging
 11899 | D:11     | Reached skill level 1 in Earth Magic
 11915 | D:11     | Found a staircase to the Lair.
 12028 | D:11     | Killed a two-headed ogre
 12029 | D:11     | Reached skill level 3 in Fighting
 12029 | D:11     | Reached skill level 6 in Dodging
 12029 | D:11     | Reached skill level 2 in Earth Magic
 12260 | D:11     | Noticed an ice dragon
 12277 | D:11     | Noticed a purple ugly thing
 12277 | D:11     | Noticed a skeletal warrior
 12282 | D:11     | Killed a purple ugly thing
 12290 | D:11     | HP: 4/52 [skeletal warrior/+3 long sword (30)]
 12598 | Lair:1   | Entered Level 1 of the Lair of Beasts
 12660 | Lair:1   | Found a dark tunnel.
 12667 | Volcano  | Entered a volcano
 12779 | Volcano  | Reached skill level 3 in Earth Magic
 12826 | Volcano  | Reached skill level 7 in Dodging
 12935 | Volcano  | Noticed a lindwurm
 12935 | Volcano  | Noticed a lindwurm
 13302 | Lair:1   | Reached skill level 4 in Earth Magic
 13319 | Lair:1   | Reached skill level 8 in Dodging
 13811 | Lair:1   | Noticed Gastronok
 13822 | Lair:1   | Killed Gastronok
 13823 | Lair:1   | Reached skill level 4 in Fighting
 13823 | Lair:1   | Reached XP level 12. HP: 58/58 MP: 12/22
 14024 | Lair:2   | Reached skill level 5 in Earth Magic
 14120 | Lair:2   | Reached skill level 9 in Dodging
 14570 | Lair:2   | Reached skill level 10 in Dodging
 14570 | Lair:2   | Reached skill level 6 in Earth Magic
 15092 | Lair:3   | Reached skill level 5 in Fighting
 15139 | Lair:3   | Noticed Nergalle
 15360 | Lair:3   | Reached skill level 11 in Dodging
 15406 | Lair:3   | Killed Nergalle
 15407 | Lair:3   | Reached skill level 7 in Earth Magic
 15436 | Lair:3   | Reached ***** piety under Dithmenos
 15529 | Lair:3   | Noticed Amaemon
 15597 | Lair:3   | Found a staircase to the Shoals.
 15693 | Lair:3   | Killed Amaemon
 15826 | Lair:3   | Found a staircase to the Snake Pit.
 16146 | Lair:4   | Found a glowing golden altar of the Shining One.
 16179 | Lair:4   | Reached skill level 12 in Dodging
 16270 | Lair:4   | Noticed Josephine
 16275 | Lair:4   | Reached XP level 13. HP: 65/65 MP: 23/23
 16325 | Lair:4   | Killed Josephine
 16340 | Lair:4   | Reached skill level 8 in Earth Magic
 16631 | Lair:4   | Reached skill level 6 in Fighting
 17396 | Lair:5   | Reached skill level 13 in Dodging
 17869 | Lair:5   | HP: 13/65 [blink frog (38)]
 18039 | Lair:5   | Reached skill level 9 in Earth Magic
 18452 | Lair:5   | Found a staircase to the Slime Pits.
 18848 | Lair:5   | Identified the +1 leather armour of Wiufal {rElec rC+ Will+
                  | Int+4}
 19037 | Lair:6   | Entered Level 6 of the Lair of Beasts
 19115 | Lair:6   | Reached skill level 14 in Dodging
 19136 | Lair:5   | HP: 16/66 [poisoned by a black mamba]
 19141 | Lair:5   | HP: 10/66 [poisoned by a black mamba]
 20203 | Lair:6   | Reached skill level 10 in Earth Magic
 20557 | Lair:6   | Reached skill level 7 in Fighting
 20582 | Lair:6   | Reached ****** piety under Dithmenos
 20644 | Lair:6   | Reached XP level 14. HP: 62/72 MP: 5/24
 20695 | Lair:6   | Reached skill level 15 in Dodging
 20893 | Lair:6   | Found a large runed translucent door.
 21064 | Lair:6   | Found a large runed translucent door.
 21517 | Lair:6   | Identified the ring "Wavomu" {Str+6 Dex+4 Stlth+}
 22915 | D:12     | Found a staircase to the Orcish Mines.
 22930 | D:12     | Reached skill level 1 in Invocations
 23024 | D:12     | Found the necklace of Bloodlust {*Rage Will++ Int-3 Slay+6}
 23506 | D:12     | Reached skill level 2 in Invocations
 23692 | D:13     | Reached skill level 16 in Dodging
 24155 | D:13     | Reached skill level 3 in Invocations
 25123 | D:13     | Reached skill level 4 in Invocations
 25745 | D:14     | Noticed Jessica
 25746 | D:14     | Found a sparkling altar of Nemelex Xobeh.
 25752 | D:14     | Killed Jessica
 25757 | D:14     | Reached skill level 8 in Fighting
 26320 | D:14     | Reached skill level 7 in Spellcasting
 26428 | D:14     | Noticed Rupert
 26451 | D:14     | Paralysed by Rupert for 6 turns
 26457 | D:14     | Slain by Rupert

Illustrated notes

Levels and vault maps discovered:
D:1:      erik_arrival_blinker_ship, layout_basic,
          chequers_serial_rivers_micro_b
D:2:      layout_loops_ring, serial_shops, shop_statue, minmay_parallelograms
D:3:      layout_loops_ring, uniq_grinder
D:4:      minmay_chambers_of_threes, layout_basic,
          minmay_temple_entry_proselytizer, gammafunk_ghost_stat_death
D:5:      layout_basic
D:6:      layout_cave_pools, uniq_sigmund, uniq_pikel
D:7:      layout_loops_ring, nicolae_ru_sacrificial_ziggurat, serial_shops,
          kennysheep_little_box, kennysheep_crisscross, uniq_duvessa,
          uniq_prince_ribbit1
D:8:      layout_basic, nicolae_figureground_pulse
D:9:      layout_long_grid
D:10:     layout_basic
D:11:     layout_irregular_city, lair_entry_dummy, serial_shops, shop,
          minmay_misc_feat_rows, minmay_shattered_shrine
D:12:     layout_cave_pods, orc_0_dummy,
          hellmonk_guarded_unrand_vitality_bloodlust
D:13:     layout_roguey
D:14:     layout_rooms, grunt_vaults_entry_fortified,
          nemelex_lonely_heart_becter, minmay_checkered_concentric_circles,
          uniq_rupert
Temple:   minmay_crystal_snake_temple
Lair:1:   layout_regular_city, nicolae_volcano_entry_s_turn,
          amcnicky_mini_pool_medium, uniq_gastronok
Lair:2:   minmay_lair_oklob_tunnel, layout_chaotic_city, lemuel_fruit_tree,
          infiniplex_staircase_pool_2, grunt_megastairs_3
Lair:3:   layout_hall_layers, minmay_shoals_entry_lonely_mermaid,
          beast_lair_carwin_9, serial_bayou_shore_a, uniq_nergalle, uniq_amaemon
Lair:4:   layout_roguey, basic_altar, nicolae_lair_yak_garden, uniq_josephine
Lair:5:   layout_misc_corridors, minmay_slime_entry_oklob_open,
          minmay_hedge_maze, kennysheep_abandoned_house,
          infiniplex_staircase_pool
Lair:6:   cheibrodos_lair_end_hotspot, layout_misc_corridors

Skill      XL: |  1  2  3  4  5  6  7  8  9 10 11 12 13 14 |
---------------+-------------------------------------------+-----
Stealth        | 6 7 9 11 13 15 | 15.0
Short Blades   | 3 4 5 6 9 10 11 12 | 12.0
Spellcasting   | 4 6 7 |  7.0
Hexes          | 4 7 8 |  8.0
Conjurations   | 2 4 |  4.0
Dodging        | 8 12 14 16 | 16.7
Fighting       | 4 5 7 8 |  8.0
Earth Magic    | 4 7 10 | 10.8
Invocations    | 4 |  4.7
Throwing       | |  2.0

Action                   |  1- 3 |  4- 6 |  7- 9 | 10-12 | 13-15 || total
-------------------------+-------+-------+-------+-------+-------++-------
Melee: Dagger            |    78 |       |       |       |       ||    78
       Punch             |     2 |     1 |     3 |     3 |     9 ||    18
       Short sword       |    22 |    57 |   211 |   413 |   544 ||  1247
Throw: Stone             |     1 |       |       |     4 |    13 ||    18
       Dart              |       |       |     7 |    24 |     6 ||    37
       Boomerang         |       |       |       |       |     3 ||     3
 Cast: Dazzling Flash    |       |       |       |    48 |    75 ||   123
       Lee's Rapid Decon |       |       |       |       |    79 ||    79
Evoke: Wand              |       |       |       |    22 |     8 ||    30
  Use: Scroll            |     7 |     3 |     9 |     9 |     6 ||    34
       Potion            |       |       |       |       |     2 ||     2
 Stab: Sleeping          |    10 |    20 |    21 |    66 |    34 ||   151
       Distracted        |     2 |       |       |     5 |     2 ||     9
       Invisible         |       |       |       |    32 |    64 ||    96
Armor: Robe              |    13 |     2 |     8 |    19 |    20 ||    62
Dodge: Dodged            |    61 |    19 |   104 |   224 |   439 ||   847

Table legend: (Time is in decaauts)
 A = Elapsed time spent in this place.
 B = Non-inter-level travel time spent in this place.
 C = Inter-level travel time spent in this place.
 D = Time resting spent in this place.
 E = Time spent auto-exploring this place.
 F = Levels seen in this place.
 G = Mean time per level.
                   A        B        C        D        E       F      G
               +--------+--------+--------+--------+--------+-----+--------+
         Total |  20112 |  19296 |    816 |   7813 |   7770 |  22 |  914.2 |
       Dungeon |  12810 |  12382 |    428 |   4804 |   5478 |  14 |  915.0 |
        Temple |     76 |     44 |     32 |      0 |     36 |   1 |   76.0 |
          Lair |   6978 |   6622 |    356 |   2933 |   2256 |   6 | 1163.0 |
       Volcano |    246 |    246 |      0 |     76 |      0 |   1 |  246.0 |
               +--------+--------+--------+--------+--------+-----+--------+

Top non-repeatable levels by time:
  Lair:4: 1762 daAuts
  Lair:6: 1706 daAuts
    D:13: 1600 daAuts
    D:12: 1240 daAuts
  Lair:5: 1160 daAuts
    D:11: 1138 daAuts
    D:10: 1094 daAuts
     D:9: 980 daAuts
     D:7: 918 daAuts
     D:6: 864 daAuts
     D:8: 855 daAuts
  Lair:2: 842 daAuts
  Lair:1: 835 daAuts
     D:2: 809 daAuts
     D:4: 794 daAuts

Table legend:
 A = Kills in this place as a percentage of kills in entire the game.
 B = Kills by you in this place as a percentage of kills by you in the entire game.
 C = Kills by friends in this place as a percentage of kills by friends in the entire game.
 D = Other kills in this place as a percentage of other kills in the entire game.
 E = Experience gained in this place as a percentage of experience gained in the entire game.
 F = Experience gained in this place divided by the number of levels of this place that you have seen.
                   A       B       C       D       E      F
               +-------+-------+-------+-------+-------+----------------------
         Total | 100.0 | 100.0 |   N/A |   N/A | 100.0 | 4303.6
       Dungeon |  60.8 |  60.8 |   N/A |   N/A |  44.9 | 3039.0
          Lair |  37.2 |  37.2 |   N/A |   N/A |  52.2 | 8232.8
       Volcano |   2.1 |   2.1 |   N/A |   N/A |   2.9 | 2736.0
               +-------+-------+-------+-------+-------+----------------------
